Map: Romanticide LE

Players

HeroMarine - Winner!

  • Race: Terran Terran

Rail

  • Race: Protoss Protoss

Event: DreamHack SC2 Masters 2021 Winter

VOD

Have the link to the VOD?

Description

Time

  • Played on: Oct. 3, 2021, 12:27 p.m.
  • Length: 2:41

All games in this series

Show
View Real Time Build Order
Export as new Build Order

HeroMarine Terran - Winner!

Build Orders:  

Get SALT Encoding   

  12  0:00  SCV  
  13  0:12  SCV  
  14  0:18  Supply Depot  
  14  0:24  SCV  
  15  0:40  Barracks  
  15  0:50  Barracks  
  15  0:54  SCV  
  16  1:06  SCV  
  16  1:08  Refinery  
  17  1:18  SCV  
  18  1:26  Marine  
  18  1:31  Orbital Command  
  19  1:37  Marine  
  19  1:38  Supply Depot  
  20  1:44  Marine  
  21  1:54  Marine  
  21  1:56  SCV  
  21  2:00  Bunker  
  23  2:02  Marine  
  24  2:08  SCV  
  24  2:12  Marine  
  26  2:20  SCV  
Show
View Real Time Build Order
Export as new Build Order

Rail Protoss 

Build Orders: Nexus First 

Get SALT Encoding   

  12  0:00  Probe  
  13  0:13  Probe  
  14  0:17  Pylon  
  14  0:25  Probe (Chrono Boost)  
  15  0:37  Probe (Chrono Boost)  
  16  0:44  Probe (Chrono Boost)  
  17  0:58  Nexus  
  17  1:05  Gateway  
  17  1:09  Probe  
  18  1:14  Assimilator  
  18  1:21  Probe  
  18  1:24  Pylon  
  19  1:28  Assimilator  
  19  1:33  Probe  
  20  1:45  Probe (Chrono Boost)  
  21  1:52  Zealot, Cybernetics Core  
  23  1:57  Probe (Chrono Boost)  
  24  2:04  Probe (Chrono Boost)  
  25  2:11  Probe  

Tags
 
Add a new tag
Caveats
  • Supply blocks, unpowered buildings, or Contaminate may cause inaccurate times.
  • Supply counts are checked every 10 seconds.